[ AOE2 MATCH · #477939554 ]
UnrankedPersians vs Jurchens
[ REPLAY ANALYSIS · EXTRACTED FROM THE RECORDED GAME ]
Feudal
—
Castle
—
Imperial
—
| APM avg | 26.8 |
| APM peak | 92 |
| eAPM avg | 18.7 |
| Villagers / military | 118 / 295 |
Focus
⚔️ 26.6% · 🌾 73.4%
Scout Cavalry ×182 · Hand Cannoneer ×67 · Camel Scout ×31 · Bombard Cannon ×10 · Mangonel ×4 · Monk ×1
Feudal
16:41
Castle
20:36
Imperial
34:42
| APM avg | 15.4 |
| APM peak | 45 |
| eAPM avg | 12.4 |
| Villagers / military | 142 / 59 |
Focus
⚔️ 22.1% · 🌾 77.9%
Unknown (1911) ×141 · Trade Cart ×40 · Fire Lancer ×20 · Bombard Cannon ×16 · Iron Pagoda ×14 · Trebuchet (Packed) ×8
Feudal
12:21
Castle
16:02
Imperial
32:53
| APM avg | 22.9 |
| APM peak | 54 |
| eAPM avg | 17.4 |
| Villagers / military | 193 / 70 |
Focus
⚔️ 19.8% · 🌾 80.2%
Monaspa ×69 · Monk ×1
Feudal
10:29
Castle
14:08
Imperial
30:47
| APM avg | 24.9 |
| APM peak | 76 |
| eAPM avg | 17.9 |
| Villagers / military | 151 / 130 |
Focus
⚔️ 24.9% · 🌾 75.1%
Mangudai ×81 · Trade Cart ×29 · Battering Ram ×25 · Mangonel ×15 · Trebuchet (Packed) ×8 · Monk ×1
Feudal
13:01
Castle
19:01
Imperial
33:20
| APM avg | 34.9 |
| APM peak | 66 |
| eAPM avg | 26.0 |
| Villagers / military | 132 / 264 |
Focus
⚔️ 33.6% · 🌾 66.4%
Spearman ×92 · Skirmisher ×62 · Organ Gun ×61 · Knight ×30 · Hand Cannoneer ×10 · Scout Cavalry ×8
Feudal
16:12
Castle
20:25
Imperial
36:42
| APM avg | 23.8 |
| APM peak | 55 |
| eAPM avg | 16.0 |
| Villagers / military | 141 / 485 |
Focus
⚔️ 31.8% · 🌾 68.2%
Archer ×283 · Skirmisher ×170 · Iron Pagoda ×21 · Bombard Cannon ×8 · War Wagon ×2 · Monk ×1
Feudal
13:34
Castle
22:29
Imperial
34:04
| APM avg | 48.7 |
| APM peak | 108 |
| eAPM avg | 31.1 |
| Villagers / military | 134 / 141 |
Focus
⚔️ 20.2% · 🌾 79.8%
Ballista Elephant ×82 · Scorpion ×52 · Trade Cart ×25 · Mangonel ×5 · Trebuchet (Packed) ×2
Feudal
13:19
Castle
17:27
Imperial
35:51
| APM avg | 25.1 |
| APM peak | 111 |
| eAPM avg | 20.2 |
| Villagers / military | 235 / 275 |
Focus
⚔️ 37.7% · 🌾 62.3%
Skirmisher ×94 · Spearman ×79 · Rattan Archer ×50 · Archer ×46 · Trebuchet (Packed) ×4 · Monk ×2
Match map
Initial resources + every placement click. Lines = walls · curves = elevation contours. ◆ gold · ⬟ stone · ● berries · ✦ relic · ◌ wall gap
Your base· ✓ Closed at 14:59 · 42t walls · no gate
豚マソ's base· ✓ Closed at 20:36 · 0t walls · no gate
Warlord's base· ✓ Closed at 16:02 · 45t walls · 2 gate(s)
FRQ's base· ✓ Closed at 14:08 · 22t walls · no gate
고장난 선풍기's base· ✓ Closed at 19:01 · 22t walls · 3 gate(s)
AguAgu21's base· ✓ Closed at 20:25 · 28t walls · no gate
LostAgain's base· ✓ Closed at 22:29 · 36t walls · no gate
x's base· ✓ Closed at 17:27 · 0t walls · no gate
Smoothed initial terrain · ◌ = detected wall gap · hover for details
Inputs per minute
— Renannve - - 豚マソ
Build order — Renannve
First 150 of 403 actions detected
| 0:02 | Create | Villager (Male) |
| 0:02 | Create | Villager (Male) |
| 0:03 | Create | Villager (Male) |
| 0:03 | Create | Villager (Male) |
| 0:03 | Create | Villager (Male) |
| 0:04 | Build | House |
| 0:06 | Build | House |
| 0:49 | Research | Loom |
| 0:55 | Create | Villager (Male) |
| 0:56 | Create | Villager (Male) |
| 0:56 | Create | Villager (Male) |
| 1:32 | Create | Villager (Male) |
| 1:32 | Create | Villager (Male) |
| 2:07 | Create | Villager (Male) |
| 2:30 | Create | Villager (Male) |
| 2:31 | Create | Villager (Male) |
| 2:31 | Create | Villager (Male) |
| 2:46 | Build | Palisade Wall |
| 3:19 | Build | Palisade Wall |
| 3:39 | Create | Villager (Male) |
| 3:40 | Create | Villager (Male) |
| 3:40 | Create | Villager (Male) |
| 3:40 | Create | Villager (Male) |
| 3:50 | Build | Palisade Wall |
| 4:03 | Create | Villager (Male) |
| 4:04 | Create | Villager (Male) |
| 4:14 | Build | Lumber Camp |
| 4:39 | Build | Mill |
| 4:54 | Build | House |
| 5:14 | Create | Villager (Male) |
| 5:23 | Build | House |
| 5:54 | Create | Villager (Male) |
| 5:55 | Create | Villager (Male) |
| 5:55 | Create | Villager (Male) |
| 5:55 | Create | Villager (Male) |
| 6:03 | Build | Lumber Camp |
| 6:09 | Create | Villager (Male) |
| 7:13 | Create | Villager (Male) |
| 7:19 | Build | Mining Camp |
| 7:53 | Create | Villager (Male) |
| 7:53 | Create | Villager (Male) |
| 7:53 | Create | Villager (Male) |
| 9:13 | Create | Villager (Male) |
| 10:17 | Research | Feudal Age |
| 10:17 | Research | Feudal Age |
| 11:32 | Build | House |
| 11:59 | Build | Farm |
| 12:03 | Build | Farm |
| 12:10 | Build | Mill |
| 12:28 | Build | Stone Wall |
| 12:47 | Build | Market |
| 12:53 | Research | Wheelbarrow |
| 13:53 | Create | Villager (Male) |
| 14:14 | Build | Blacksmith |
| 14:24 | Create | Villager (Male) |
| 14:34 | Build | House |
| 14:59 | Research | Castle Age |
| 14:59 | Research | Castle Age |
| 14:59 | Research | Castle Age |
| 15:04 | Build | House |
| 15:05 | Build | House |
| 15:24 | Build | Barracks |
| 15:37 | Research | Horse Collar |
| 15:38 | Research | Double-Bit Axe |
| 15:57 | Build | Farm |
| 16:02 | Build | Farm |
| 16:06 | Build | Farm |
| 16:25 | Create | Villager (Male) |
| 16:25 | Create | Villager (Male) |
| 16:30 | Research | Gold Mining |
| 17:12 | Build | Gate |
| 17:16 | Build | Stone Wall |
| 17:29 | Build | Mining Camp |
| 17:35 | Build | Town Center |
| 17:43 | Build | Lumber Camp |
| 17:52 | Create | Villager (Male) |
| 18:05 | Build | Lumber Camp |
| 18:10 | Create | Villager (Male) |
| 18:37 | Create | Villager (Male) |
| 18:43 | Create | Villager (Male) |
| 19:10 | Create | Villager (Male) |
| 19:12 | Create | Villager (Male) |
| 19:13 | Create | Villager (Male) |
| 19:13 | Create | Villager (Male) |
| 19:39 | Build | Siege Workshop |
| 19:44 | Create | Villager (Male) |
| 19:45 | Create | Villager (Male) |
| 19:46 | Create | Villager (Male) |
| 19:47 | Create | Villager (Male) |
| 19:50 | Build | Farm |
| 19:53 | Build | Farm |
| 20:07 | Build | Monastery |
| 20:09 | Create | Villager (Male) |
| 20:10 | Create | Villager (Male) |
| 20:22 | Build | Farm |
| 20:26 | Build | Farm |
| 20:29 | Build | Farm |
| 20:37 | Create | Mangonel |
| 20:51 | Build | House |
| 20:55 | Build | House |
| 21:04 | Create | Villager (Male) |
| 21:04 | Create | Villager (Male) |
| 21:06 | Create | Villager (Male) |
| 21:06 | Create | Villager (Male) |
| 21:21 | Build | University |
| 21:23 | Create | Monk |
| 21:30 | Create | Villager (Male) |
| 21:31 | Create | Villager (Male) |
| 21:39 | Build | Farm |
| 21:40 | Build | Farm |
| 21:41 | Build | Farm |
| 21:44 | Build | Farm |
| 21:45 | Build | Mill |
| 21:55 | Build | Mill |
| 22:03 | Build | Farm |
| 22:10 | Build | Farm |
| 22:13 | Create | Villager (Male) |
| 22:14 | Create | Villager (Male) |
| 22:17 | Build | House |
| 22:20 | Build | House |
| 22:41 | Create | Villager (Male) |
| 22:41 | Create | Villager (Male) |
| 22:42 | Create | Villager (Male) |
| 22:43 | Create | Villager (Male) |
| 22:43 | Create | Villager (Male) |
| 22:50 | Build | Farm |
| 22:51 | Build | Farm |
| 22:53 | Build | Farm |
| 23:01 | Build | Farm |
| 23:03 | Build | Farm |
| 23:05 | Build | House |
| 23:12 | Build | Farm |
| 23:17 | Create | Villager (Male) |
| 23:17 | Create | Villager (Male) |
| 23:19 | Create | Villager (Male) |
| 23:19 | Create | Villager (Male) |
| 23:30 | Build | Outpost |
| 23:32 | Create | Villager (Male) |
| 23:33 | Create | Villager (Male) |
| 23:49 | Build | House |
| 23:50 | Build | House |
| 23:52 | Build | House |
| 23:52 | Create | Villager (Male) |
| 23:53 | Create | Villager (Male) |
| 23:53 | Create | Villager (Male) |
| 24:22 | Create | Villager (Male) |
| 24:22 | Create | Villager (Male) |
| 24:23 | Create | Villager (Male) |
| 24:23 | Create | Villager (Male) |
| 24:30 | Build | Town Center |
Build order — 豚マソ
First 150 of 449 actions detected
| 0:01 | Create | Villager (Male) |
| 0:01 | Create | Villager (Male) |
| 0:01 | Create | Villager (Male) |
| 0:04 | Build | House |
| 0:07 | Build | House |
| 0:17 | Create | Villager (Male) |
| 0:17 | Create | Villager (Male) |
| 1:36 | Create | Villager (Male) |
| 1:36 | Create | Villager (Male) |
| 1:54 | Create | Villager (Male) |
| 1:54 | Create | Villager (Male) |
| 2:01 | Research | Loom |
| 2:15 | Create | Villager (Male) |
| 2:37 | Create | Villager (Male) |
| 2:38 | Create | Villager (Male) |
| 2:50 | Create | Villager (Male) |
| 2:50 | Create | Villager (Male) |
| 2:55 | Build | House |
| 2:56 | Build | House |
| 2:57 | Build | House |
| 3:14 | Create | Villager (Male) |
| 3:15 | Create | Villager (Male) |
| 3:40 | Create | Villager (Male) |
| 3:40 | Create | Villager (Male) |
| 4:09 | Create | Villager (Male) |
| 4:09 | Create | Villager (Male) |
| 4:09 | Create | Villager (Male) |
| 4:24 | Create | Villager (Male) |
| 4:24 | Create | Villager (Male) |
| 4:43 | Create | Villager (Male) |
| 4:43 | Create | Villager (Male) |
| 4:51 | Create | Villager (Male) |
| 4:52 | Create | Villager (Male) |
| 5:30 | Build | Lumber Camp |
| 5:31 | Create | Villager (Male) |
| 5:32 | Create | Villager (Male) |
| 6:25 | Create | Villager (Male) |
| 6:55 | Create | Villager (Male) |
| 6:55 | Create | Villager (Male) |
| 6:55 | Create | Villager (Male) |
| 6:55 | Create | Villager (Male) |
| 7:53 | Build | Mill |
| 8:03 | Create | Villager (Male) |
| 8:03 | Create | Villager (Male) |
| 8:42 | Create | Villager (Male) |
| 8:43 | Create | Villager (Male) |
| 8:43 | Create | Villager (Male) |
| 8:44 | Create | Villager (Male) |
| 9:12 | Build | Mining Camp |
| 9:21 | Create | Villager (Male) |
| 9:22 | Create | Villager (Male) |
| 9:22 | Create | Villager (Male) |
| 9:22 | Create | Villager (Male) |
| 9:47 | Build | House |
| 9:49 | Build | House |
| 9:50 | Build | House |
| 10:58 | Create | Villager (Male) |
| 10:58 | Create | Villager (Male) |
| 10:58 | Create | Villager (Male) |
| 11:24 | Build | Mining Camp |
| 11:33 | Build | Farm |
| 11:41 | Build | Farm |
| 11:42 | Build | Farm |
| 11:44 | Build | Farm |
| 11:46 | Build | Farm |
| 12:56 | Research | Feudal Age |
| 13:23 | Build | Lumber Camp |
| 13:47 | Build | Farm |
| 13:58 | Build | Barracks |
| 14:12 | Build | Farm |
| 14:22 | Create | Villager (Male) |
| 14:22 | Create | Villager (Male) |
| 14:39 | Build | Farm |
| 14:54 | Build | Farm |
| 14:55 | Build | Farm |
| 14:56 | Build | Farm |
| 14:57 | Build | Farm |
| 14:59 | Build | Farm |
| 15:00 | Build | Farm |
| 15:01 | Build | Farm |
| 15:16 | Build | House |
| 15:25 | Create | Villager (Male) |
| 15:25 | Create | Villager (Male) |
| 15:25 | Create | Villager (Male) |
| 15:26 | Create | Villager (Male) |
| 16:16 | Build | House |
| 16:18 | Build | House |
| 16:21 | Build | House |
| 16:41 | Age | Feudal Age |
| 16:44 | Build | Market |
| 16:49 | Research | Horse Collar |
| 16:51 | Research | Double-Bit Axe |
| 16:58 | Build | Blacksmith |
| 17:51 | Research | Castle Age |
| 17:56 | Research | Gold Mining |
| 18:06 | Research | Stone Mining |
| 18:17 | Create | Trade Cart |
| 18:18 | Create | Trade Cart |
| 18:28 | Create | Villager (Male) |
| 18:28 | Create | Villager (Male) |
| 18:29 | Create | Villager (Male) |
| 19:22 | Build | Archery Range |
| 19:36 | Create | Trade Cart |
| 19:41 | Create | Villager (Male) |
| 20:36 | Age | Castle Age |
| 20:38 | Research | Bow Saw |
| 20:40 | Research | Heavy Plow |
| 20:48 | Build | Town Center |
| 20:49 | Create | Villager (Male) |
| 20:50 | Create | Villager (Male) |
| 20:53 | Research | Caravan |
| 21:23 | Build | Castle |
| 21:35 | Build | Lumber Camp |
| 21:52 | Create | Villager (Male) |
| 21:52 | Create | Villager (Male) |
| 21:54 | Create | Trade Cart |
| 21:57 | Create | Trade Cart |
| 22:12 | Create | Villager (Male) |
| 22:12 | Create | Villager (Male) |
| 22:13 | Create | Villager (Male) |
| 22:13 | Create | Villager (Male) |
| 22:13 | Create | Villager (Male) |
| 22:13 | Create | Villager (Male) |
| 22:13 | Create | Villager (Male) |
| 22:14 | Create | Villager (Male) |
| 22:36 | Build | University |
| 22:54 | Build | Farm |
| 23:02 | Build | Farm |
| 23:08 | Build | Farm |
| 23:12 | Build | Farm |
| 23:17 | Create | Villager (Male) |
| 23:18 | Research | Wheelbarrow |
| 23:20 | Create | Villager (Male) |
| 23:23 | Create | Trade Cart |
| 23:37 | Create | Villager (Male) |
| 23:38 | Create | Villager (Male) |
| 23:38 | Create | Villager (Male) |
| 23:38 | Create | Villager (Male) |
| 23:43 | Research | Treadmill Crane |
| 24:02 | Create | Trade Cart |
| 24:05 | Create | Villager (Male) |
| 24:05 | Create | Villager (Male) |
| 24:05 | Create | Villager (Male) |
| 24:06 | Create | Villager (Male) |
| 24:16 | Build | Town Center |
| 24:24 | Create | Villager (Male) |
| 24:24 | Create | Villager (Male) |
| 24:25 | Create | Villager (Male) |
| 24:25 | Create | Villager (Male) |
| 24:48 | Build | Siege Workshop |
Build order — Warlord
First 150 of 503 actions detected
| 0:01 | Create | Villager (Male) |
| 0:01 | Create | Villager (Male) |
| 0:02 | Create | Villager (Male) |
| 0:02 | Create | Villager (Male) |
| 0:03 | Build | House |
| 0:05 | Build | House |
| 0:24 | Research | Loom |
| 0:25 | Create | Villager (Male) |
| 0:31 | Build | House |
| 0:34 | Build | House |
| 0:37 | Build | Palisade Wall |
| 0:44 | Build | Palisade Wall |
| 0:44 | Build | Palisade Wall |
| 0:55 | Create | Villager (Male) |
| 0:55 | Create | Villager (Male) |
| 0:55 | Create | Villager (Male) |
| 1:05 | Build | Palisade Gate |
| 2:19 | Build | Palisade Wall |
| 2:24 | Build | Palisade Gate |
| 2:32 | Create | Villager (Male) |
| 2:32 | Create | Villager (Male) |
| 3:28 | Create | Villager (Male) |
| 3:28 | Create | Villager (Male) |
| 3:34 | Create | Villager (Male) |
| 3:34 | Create | Villager (Male) |
| 4:12 | Create | Villager (Male) |
| 4:12 | Create | Villager (Male) |
| 4:26 | Create | Villager (Male) |
| 4:26 | Create | Villager (Male) |
| 4:59 | Create | Villager (Male) |
| 4:59 | Create | Villager (Male) |
| 5:35 | Create | Villager (Male) |
| 5:36 | Create | Villager (Male) |
| 5:36 | Create | Villager (Male) |
| 6:00 | Create | Villager (Male) |
| 6:00 | Create | Villager (Male) |
| 6:07 | Create | Villager (Male) |
| 6:38 | Create | Villager (Male) |
| 6:58 | Create | Villager (Male) |
| 6:58 | Create | Villager (Male) |
| 7:19 | Build | Mill |
| 7:20 | Create | Villager (Male) |
| 7:44 | Create | Villager (Male) |
| 8:27 | Create | Villager (Male) |
| 8:33 | Create | Villager (Male) |
| 8:59 | Create | Villager (Male) |
| 9:28 | Build | Mule Cart |
| 9:48 | Research | Feudal Age |
| 11:43 | Build | House |
| 11:58 | Build | House |
| 12:00 | Build | House |
| 12:01 | Build | House |
| 12:21 | Age | Feudal Age |
| 12:22 | Build | Market |
| 12:24 | Build | Blacksmith |
| 12:25 | Create | Villager (Male) |
| 12:56 | Create | Villager (Male) |
| 13:20 | Build | Mule Cart |
| 13:22 | Research | Castle Age |
| 13:29 | Build | Stone Wall |
| 13:33 | Build | Stone Wall |
| 13:35 | Build | Stone Wall |
| 13:46 | Research | Double-Bit Axe |
| 14:03 | Build | Stone Wall |
| 14:04 | Build | Stone Wall |
| 14:07 | Build | Stone Wall |
| 15:13 | Research | Horse Collar |
| 15:15 | Create | Villager (Male) |
| 15:37 | Build | Stone Wall |
| 15:38 | Build | Stone Wall |
| 15:40 | Build | Stone Wall |
| 16:02 | Age | Castle Age |
| 16:10 | Build | Town Center |
| 16:13 | Create | Villager (Male) |
| 16:16 | Research | Bow Saw |
| 16:42 | Create | Villager (Male) |
| 17:02 | Create | Villager (Male) |
| 17:05 | Create | Villager (Male) |
| 17:18 | Build | Mule Cart |
| 17:24 | Build | Farm |
| 17:33 | Build | Farm |
| 17:39 | Create | Villager (Male) |
| 17:41 | Create | Villager (Male) |
| 17:41 | Create | Villager (Male) |
| 17:47 | Build | Farm |
| 17:48 | Build | Farm |
| 17:51 | Build | Farm |
| 18:12 | Build | Monastery |
| 18:22 | Build | Monastery |
| 18:29 | Build | Farm |
| 18:32 | Build | Farm |
| 18:35 | Build | Farm |
| 18:35 | Create | Villager (Male) |
| 18:40 | Build | Farm |
| 18:42 | Build | Farm |
| 19:02 | Create | Villager (Male) |
| 19:06 | Build | Farm |
| 19:09 | Create | Monk |
| 19:20 | Build | Farm |
| 19:22 | Build | Farm |
| 19:25 | Create | Villager (Male) |
| 19:34 | Create | Villager (Male) |
| 19:41 | Build | Town Center |
| 19:51 | Create | Villager (Male) |
| 20:04 | Create | Villager (Male) |
| 20:06 | Build | Farm |
| 20:13 | Create | Villager (Male) |
| 20:14 | Create | Villager (Male) |
| 20:39 | Build | Farm |
| 20:40 | Create | Villager (Male) |
| 20:41 | Create | Villager (Male) |
| 20:50 | Build | Town Center |
| 20:54 | Create | Villager (Male) |
| 20:55 | Create | Villager (Male) |
| 20:59 | Build | Farm |
| 21:01 | Build | Farm |
| 21:08 | Build | Monastery |
| 21:12 | Create | Villager (Male) |
| 21:25 | Create | Villager (Male) |
| 21:27 | Create | Villager (Male) |
| 21:36 | Build | Farm |
| 21:38 | Build | Farm |
| 21:40 | Create | Villager (Male) |
| 21:44 | Create | Villager (Male) |
| 22:03 | Create | Villager (Male) |
| 22:05 | Create | Villager (Male) |
| 22:06 | Build | Farm |
| 22:17 | Create | Villager (Male) |
| 22:18 | Create | Villager (Male) |
| 22:24 | Create | Villager (Male) |
| 22:30 | Build | Farm |
| 22:34 | Create | Villager (Male) |
| 22:46 | Build | House |
| 22:47 | Build | House |
| 22:48 | Build | House |
| 22:50 | Build | House |
| 22:56 | Build | Farm |
| 23:00 | Research | Heavy Plow |
| 23:02 | Create | Villager (Male) |
| 23:03 | Create | Villager (Male) |
| 23:09 | Create | Villager (Male) |
| 23:09 | Create | Villager (Male) |
| 23:17 | Create | Villager (Male) |
| 23:17 | Create | Villager (Male) |
| 23:24 | Build | Farm |
| 23:26 | Create | Villager (Male) |
| 23:36 | Create | Villager (Male) |
| 23:36 | Create | Villager (Male) |
| 23:45 | Build | Farm |
| 23:54 | Research | Stone Mining |
Build order — FRQ
First 150 of 450 actions detected
| 0:04 | Create | Villager (Male) |
| 0:04 | Create | Villager (Male) |
| 0:05 | Create | Villager (Male) |
| 0:05 | Create | Villager (Male) |
| 0:06 | Build | House |
| 0:07 | Build | House |
| 0:35 | Build | House |
| 0:38 | Create | Villager (Male) |
| 0:38 | Research | Loom |
| 0:38 | Create | Villager (Male) |
| 0:39 | Create | Villager (Male) |
| 1:36 | Create | Villager (Male) |
| 1:36 | Create | Villager (Male) |
| 2:14 | Create | Villager (Male) |
| 2:34 | Build | Lumber Camp |
| 2:35 | Create | Villager (Male) |
| 3:12 | Create | Villager (Male) |
| 3:13 | Create | Villager (Male) |
| 3:27 | Create | Villager (Male) |
| 3:28 | Create | Villager (Male) |
| 3:44 | Create | Villager (Male) |
| 3:44 | Create | Villager (Male) |
| 4:25 | Create | Villager (Male) |
| 4:25 | Create | Villager (Male) |
| 4:25 | Create | Villager (Male) |
| 5:30 | Build | Mill |
| 5:42 | Build | House |
| 5:43 | Build | House |
| 5:57 | Create | Villager (Male) |
| 6:17 | Build | House |
| 6:18 | Create | Villager (Male) |
| 6:42 | Create | Villager (Male) |
| 7:09 | Build | Mining Camp |
| 7:27 | Create | Villager (Male) |
| 7:27 | Create | Villager (Male) |
| 8:06 | Build | Mill |
| 8:11 | Research | Feudal Age |
| 8:55 | Create | Villager (Male) |
| 8:55 | Create | Villager (Male) |
| 9:35 | Create | Villager (Male) |
| 10:29 | Age | Feudal Age |
| 10:31 | Build | Market |
| 10:36 | Build | Blacksmith |
| 11:03 | Build | Stone Wall |
| 11:06 | Build | Mining Camp |
| 11:16 | Research | Double-Bit Axe |
| 11:28 | Research | Castle Age |
| 11:35 | Build | Stone Wall |
| 11:36 | Build | Stone Wall |
| 11:53 | Research | Horse Collar |
| 11:57 | Create | Villager (Male) |
| 11:58 | Create | Villager (Male) |
| 12:49 | Create | Villager (Male) |
| 12:50 | Create | Villager (Male) |
| 13:16 | Build | Stone Wall |
| 13:28 | Create | Villager (Male) |
| 13:40 | Create | Villager (Male) |
| 13:47 | Build | House |
| 13:48 | Build | House |
| 14:08 | Age | Castle Age |
| 14:11 | Build | Town Center |
| 14:23 | Research | Bow Saw |
| 14:24 | Create | Villager (Male) |
| 14:46 | Create | Villager (Male) |
| 15:08 | Create | Villager (Male) |
| 15:16 | Build | House |
| 15:16 | Build | House |
| 15:35 | Create | Villager (Male) |
| 15:35 | Create | Villager (Male) |
| 15:41 | Create | Villager (Male) |
| 15:43 | Create | Villager (Male) |
| 16:00 | Build | Town Center |
| 16:14 | Build | House |
| 16:14 | Build | House |
| 16:26 | Create | Villager (Male) |
| 16:50 | Create | Villager (Male) |
| 16:55 | Research | Heavy Plow |
| 16:55 | Research | Heavy Plow |
| 17:09 | Create | Villager (Male) |
| 17:12 | Build | Farm |
| 17:27 | Create | Villager (Male) |
| 17:30 | Build | Farm |
| 17:33 | Build | Farm |
| 17:34 | Build | Farm |
| 17:37 | Build | Farm |
| 17:40 | Create | Villager (Male) |
| 17:42 | Build | House |
| 17:49 | Build | Farm |
| 18:07 | Build | Farm |
| 18:10 | Build | Farm |
| 18:21 | Build | Farm |
| 18:27 | Create | Villager (Male) |
| 18:31 | Build | Farm |
| 18:38 | Build | Farm |
| 18:46 | Create | Villager (Male) |
| 18:49 | Build | Farm |
| 18:53 | Build | Farm |
| 19:06 | Create | Villager (Male) |
| 19:12 | Create | Villager (Male) |
| 19:12 | Create | Villager (Male) |
| 19:13 | Create | Villager (Male) |
| 19:15 | Build | Farm |
| 19:18 | Build | Farm |
| 19:21 | Build | Farm |
| 19:30 | Build | House |
| 19:32 | Create | Villager (Male) |
| 19:37 | Create | Villager (Male) |
| 19:39 | Build | Farm |
| 19:40 | Build | Farm |
| 19:43 | Create | Villager (Male) |
| 19:50 | Create | Villager (Male) |
| 19:57 | Build | Farm |
| 19:59 | Create | Villager (Male) |
| 20:06 | Create | Villager (Male) |
| 20:07 | Create | Villager (Male) |
| 20:11 | Build | House |
| 20:16 | Build | Farm |
| 20:23 | Build | Farm |
| 20:26 | Create | Villager (Male) |
| 20:26 | Create | Villager (Male) |
| 20:30 | Build | Farm |
| 20:40 | Create | Villager (Male) |
| 20:41 | Create | Villager (Male) |
| 20:45 | Build | Farm |
| 20:46 | Create | Villager (Male) |
| 20:52 | Build | House |
| 20:52 | Build | House |
| 20:57 | Create | Villager (Male) |
| 20:59 | Create | Villager (Male) |
| 21:02 | Build | Farm |
| 21:14 | Create | Villager (Male) |
| 21:14 | Create | Villager (Male) |
| 21:24 | Build | Farm |
| 21:25 | Build | Farm |
| 21:26 | Build | Farm |
| 21:30 | Create | Villager (Male) |
| 21:31 | Create | Villager (Male) |
| 21:32 | Create | Villager (Male) |
| 21:34 | Build | House |
| 21:34 | Build | House |
| 21:44 | Create | Villager (Male) |
| 21:58 | Create | Villager (Male) |
| 21:59 | Create | Villager (Male) |
| 22:11 | Build | Town Center |
| 22:16 | Create | Villager (Male) |
| 22:17 | Create | Villager (Male) |
| 22:17 | Create | Villager (Male) |
| 22:21 | Build | Lumber Camp |
| 22:36 | Build | House |
| 22:38 | Create | Villager (Male) |
Build order — 고장난 선풍기
First 150 of 496 actions detected
| 0:04 | Create | Villager (Male) |
| 0:04 | Create | Villager (Male) |
| 0:04 | Create | Villager (Male) |
| 0:05 | Build | House |
| 0:06 | Build | House |
| 0:07 | Build | House |
| 0:30 | Research | Loom |
| 0:31 | Create | Villager (Male) |
| 0:31 | Create | Villager (Male) |
| 0:31 | Create | Villager (Male) |
| 0:32 | Create | Villager (Male) |
| 1:59 | Build | Lumber Camp |
| 2:04 | Create | Villager (Male) |
| 2:04 | Create | Villager (Male) |
| 2:26 | Create | Villager (Male) |
| 2:27 | Create | Villager (Male) |
| 2:57 | Create | Villager (Male) |
| 2:58 | Create | Villager (Male) |
| 3:13 | Create | Villager (Male) |
| 3:13 | Create | Villager (Male) |
| 3:38 | Create | Villager (Male) |
| 3:38 | Create | Villager (Male) |
| 4:01 | Create | Villager (Male) |
| 4:02 | Create | Villager (Male) |
| 4:22 | Create | Villager (Male) |
| 4:22 | Create | Villager (Male) |
| 4:49 | Build | Mill |
| 5:06 | Create | Villager (Male) |
| 5:06 | Create | Villager (Male) |
| 5:36 | Create | Villager (Male) |
| 6:09 | Build | House |
| 6:10 | Build | House |
| 6:10 | Build | House |
| 6:15 | Create | Villager (Male) |
| 6:15 | Create | Villager (Male) |
| 6:23 | Build | House |
| 6:24 | Build | House |
| 6:30 | Create | Villager (Male) |
| 6:31 | Create | Villager (Male) |
| 6:55 | Create | Villager (Male) |
| 7:18 | Create | Villager (Male) |
| 7:26 | Build | Palisade Gate |
| 7:44 | Create | Villager (Male) |
| 7:44 | Create | Villager (Male) |
| 7:58 | Create | Villager (Male) |
| 8:06 | Build | Palisade Wall |
| 8:08 | Build | Palisade Wall |
| 8:20 | Create | Villager (Male) |
| 8:31 | Build | Palisade Gate |
| 8:54 | Build | House |
| 8:58 | Build | Mining Camp |
| 10:11 | Build | Barracks |
| 10:51 | Research | Feudal Age |
| 10:56 | Build | House |
| 10:59 | Build | House |
| 10:59 | Build | House |
| 11:00 | Build | House |
| 12:25 | Build | Mill |
| 12:43 | Create | Villager (Male) |
| 12:44 | Create | Villager (Male) |
| 12:44 | Create | Villager (Male) |
| 12:44 | Create | Villager (Male) |
| 12:44 | Create | Villager (Male) |
| 13:01 | Age | Feudal Age |
| 13:03 | Build | Market |
| 13:08 | Build | Blacksmith |
| 13:21 | Build | Stone Wall |
| 13:24 | Build | Gate |
| 13:28 | Build | Stone Wall |
| 13:30 | Build | Stone Wall |
| 13:35 | Build | Stone Wall |
| 13:41 | Build | Mining Camp |
| 14:13 | Build | Outpost |
| 14:17 | Create | Villager (Male) |
| 14:26 | Research | Double-Bit Axe |
| 14:54 | Build | Mill |
| 15:26 | Create | Villager (Male) |
| 15:42 | Create | Villager (Male) |
| 16:19 | Research | Castle Age |
| 16:20 | Research | Castle Age |
| 16:29 | Build | Outpost |
| 16:41 | Build | Outpost |
| 16:58 | Research | Stone Mining |
| 17:43 | Research | Gold Mining |
| 17:53 | Build | Outpost |
| 18:39 | Research | Forging |
| 18:43 | Create | Villager (Male) |
| 18:43 | Create | Villager (Male) |
| 19:01 | Age | Castle Age |
| 19:07 | Build | Town Center |
| 19:28 | Build | Town Center |
| 19:31 | Create | Villager (Male) |
| 19:37 | Build | Farm |
| 19:49 | Build | Lumber Camp |
| 19:54 | Create | Villager (Male) |
| 19:55 | Create | Villager (Male) |
| 19:56 | Create | Villager (Male) |
| 20:19 | Build | Farm |
| 20:23 | Create | Villager (Male) |
| 20:24 | Create | Villager (Male) |
| 20:37 | Create | Villager (Male) |
| 20:38 | Create | Villager (Male) |
| 20:46 | Create | Villager (Male) |
| 20:48 | Build | Farm |
| 21:09 | Build | Farm |
| 21:15 | Create | Villager (Male) |
| 21:16 | Create | Villager (Male) |
| 21:28 | Create | Villager (Male) |
| 21:34 | Build | Farm |
| 21:35 | Build | Farm |
| 21:36 | Build | Farm |
| 21:46 | Create | Villager (Male) |
| 21:48 | Create | Villager (Male) |
| 21:51 | Build | Farm |
| 22:13 | Build | Castle |
| 22:18 | Create | Villager (Male) |
| 22:25 | Build | Monastery |
| 22:32 | Build | Farm |
| 22:42 | Create | Villager (Male) |
| 22:43 | Create | Villager (Male) |
| 22:44 | Create | Villager (Male) |
| 22:55 | Create | Villager (Male) |
| 23:02 | Build | Farm |
| 23:03 | Build | Farm |
| 23:03 | Build | Farm |
| 23:05 | Build | Farm |
| 23:15 | Create | Villager (Male) |
| 23:19 | Create | Monk |
| 23:26 | Build | Farm |
| 23:28 | Create | Villager (Male) |
| 23:37 | Create | Villager (Male) |
| 23:38 | Create | Villager (Male) |
| 23:43 | Create | Villager (Male) |
| 23:46 | Build | Farm |
| 23:49 | Create | Villager (Male) |
| 23:59 | Create | Villager (Male) |
| 24:09 | Create | Villager (Male) |
| 24:20 | Build | Farm |
| 24:30 | Build | Town Center |
| 24:42 | Create | Villager (Male) |
| 24:44 | Create | Villager (Male) |
| 24:45 | Create | Villager (Male) |
| 24:46 | Create | Villager (Male) |
| 24:47 | Create | Villager (Male) |
| 24:49 | Build | Farm |
| 24:57 | Create | Villager (Male) |
| 25:10 | Create | Villager (Male) |
| 25:12 | Build | Farm |
| 25:15 | Create | Villager (Male) |
| 25:29 | Build | Mining Camp |
Build order — AguAgu21
First 150 of 479 actions detected
| 0:03 | Research | Loom |
| 0:29 | Build | House |
| 0:36 | Create | Villager (Male) |
| 0:37 | Create | Villager (Male) |
| 0:37 | Create | Villager (Male) |
| 0:37 | Create | Villager (Male) |
| 0:37 | Create | Villager (Male) |
| 0:38 | Create | Villager (Male) |
| 1:23 | Build | Palisade Wall |
| 3:25 | Create | Villager (Male) |
| 3:26 | Create | Villager (Male) |
| 3:26 | Create | Villager (Male) |
| 3:26 | Create | Villager (Male) |
| 3:26 | Create | Villager (Male) |
| 4:42 | Create | Villager (Male) |
| 4:42 | Create | Villager (Male) |
| 4:42 | Create | Villager (Male) |
| 4:43 | Create | Villager (Male) |
| 4:43 | Create | Villager (Male) |
| 4:56 | Build | House |
| 4:58 | Build | House |
| 4:59 | Build | House |
| 4:59 | Build | House |
| 5:12 | Build | House |
| 5:22 | Create | Villager (Male) |
| 5:22 | Create | Villager (Male) |
| 5:22 | Create | Villager (Male) |
| 5:23 | Create | Villager (Male) |
| 5:58 | Build | House |
| 6:03 | Build | House |
| 6:43 | Build | Palisade Wall |
| 7:05 | Build | Palisade Wall |
| 7:23 | Create | Villager (Male) |
| 7:24 | Create | Villager (Male) |
| 7:24 | Create | Villager (Male) |
| 7:24 | Create | Villager (Male) |
| 7:24 | Create | Villager (Male) |
| 7:59 | Build | House |
| 8:11 | Create | Villager (Male) |
| 8:11 | Create | Villager (Male) |
| 8:26 | Build | Palisade Wall |
| 9:27 | Create | Villager (Male) |
| 9:28 | Create | Villager (Male) |
| 9:28 | Create | Villager (Male) |
| 9:28 | Create | Villager (Male) |
| 9:36 | Build | Lumber Camp |
| 10:58 | Create | Villager (Male) |
| 10:59 | Create | Villager (Male) |
| 10:59 | Create | Villager (Male) |
| 10:59 | Create | Villager (Male) |
| 10:59 | Create | Villager (Male) |
| 11:47 | Build | Mill |
| 12:20 | Build | Mining Camp |
| 12:28 | Build | Mill |
| 13:15 | Build | Farm |
| 13:17 | Create | Villager (Male) |
| 13:18 | Create | Villager (Male) |
| 13:52 | Build | Farm |
| 13:54 | Create | Villager (Male) |
| 13:55 | Create | Villager (Male) |
| 14:02 | Research | Feudal Age |
| 14:03 | Research | Feudal Age |
| 14:03 | Research | Feudal Age |
| 14:22 | Create | Villager (Male) |
| 14:23 | Create | Villager (Male) |
| 15:18 | Build | Farm |
| 15:18 | Build | Farm |
| 16:12 | Age | Feudal Age |
| 16:45 | Build | Market |
| 16:49 | Build | Blacksmith |
| 16:52 | Build | Farm |
| 16:55 | Create | Villager (Male) |
| 17:45 | Research | Castle Age |
| 18:22 | Build | House |
| 18:26 | Build | House |
| 18:27 | Build | House |
| 18:36 | Research | Horse Collar |
| 18:39 | Research | Double-Bit Axe |
| 19:24 | Build | House |
| 19:25 | Build | House |
| 19:26 | Build | House |
| 19:29 | Build | House |
| 19:30 | Build | House |
| 19:36 | Create | Villager (Male) |
| 19:36 | Create | Villager (Male) |
| 19:36 | Create | Villager (Male) |
| 19:36 | Create | Villager (Male) |
| 19:36 | Create | Villager (Male) |
| 19:37 | Create | Villager (Male) |
| 20:25 | Age | Castle Age |
| 20:42 | Build | Town Center |
| 20:47 | Create | Villager (Male) |
| 20:47 | Create | Villager (Male) |
| 21:03 | Build | Monastery |
| 21:48 | Create | Villager (Male) |
| 21:48 | Create | Villager (Male) |
| 21:58 | Build | Barracks |
| 22:20 | Create | Villager (Male) |
| 22:20 | Create | Villager (Male) |
| 22:20 | Create | Villager (Male) |
| 22:21 | Create | Villager (Male) |
| 22:21 | Create | Villager (Male) |
| 22:23 | Create | Monk |
| 23:05 | Build | Town Center |
| 23:12 | Create | Villager (Male) |
| 23:13 | Create | Villager (Male) |
| 23:51 | Research | Heavy Plow |
| 23:55 | Research | Fletching |
| 24:03 | Create | Villager (Male) |
| 24:05 | Create | Villager (Male) |
| 24:11 | Create | Villager (Male) |
| 24:11 | Create | Villager (Male) |
| 24:27 | Create | Villager (Male) |
| 24:28 | Create | Villager (Male) |
| 24:30 | Create | Villager (Male) |
| 24:32 | Create | Villager (Male) |
| 24:33 | Create | Villager (Male) |
| 24:39 | Build | Farm |
| 24:39 | Build | Farm |
| 24:39 | Build | Farm |
| 24:40 | Build | Farm |
| 24:40 | Build | Farm |
| 24:41 | Build | Farm |
| 24:44 | Build | Farm |
| 24:45 | Build | Farm |
| 24:45 | Build | Farm |
| 24:45 | Build | Farm |
| 25:15 | Build | Farm |
| 25:15 | Build | Farm |
| 25:15 | Build | Farm |
| 25:15 | Build | Farm |
| 25:16 | Build | Farm |
| 25:16 | Build | Farm |
| 25:16 | Build | Farm |
| 25:18 | Build | Farm |
| 25:19 | Build | Farm |
| 25:33 | Create | Villager (Male) |
| 25:34 | Create | Villager (Male) |
| 25:37 | Create | Villager (Male) |
| 25:56 | Create | Villager (Male) |
| 25:57 | Create | Villager (Male) |
| 25:57 | Create | Villager (Male) |
| 26:07 | Build | Mining Camp |
| 26:10 | Create | Villager (Male) |
| 26:11 | Create | Villager (Male) |
| 26:11 | Create | Villager (Male) |
| 26:11 | Create | Villager (Male) |
| 26:18 | Create | Villager (Male) |
| 26:18 | Create | Villager (Male) |
| 26:18 | Create | Villager (Male) |
Build order — LostAgain
First 150 of 483 actions detected
| 0:00 | Create | Villager (Male) |
| 0:01 | Create | Villager (Male) |
| 0:01 | Create | Villager (Male) |
| 0:01 | Create | Villager (Male) |
| 0:03 | Build | House |
| 0:09 | Build | House |
| 1:26 | Create | Villager (Male) |
| 2:15 | Create | Villager (Male) |
| 2:15 | Create | Villager (Male) |
| 2:42 | Build | Palisade Wall |
| 2:46 | Create | Villager (Male) |
| 2:55 | Build | Lumber Camp |
| 2:57 | Create | Villager (Male) |
| 3:46 | Create | Villager (Male) |
| 3:49 | Create | Villager (Male) |
| 3:50 | Create | Villager (Male) |
| 3:52 | Build | House |
| 4:36 | Create | Villager (Male) |
| 4:51 | Create | Villager (Male) |
| 5:23 | Create | Villager (Male) |
| 6:05 | Create | Villager (Male) |
| 6:39 | Create | Villager (Male) |
| 6:39 | Create | Villager (Male) |
| 6:39 | Create | Villager (Male) |
| 6:43 | Build | Lumber Camp |
| 7:25 | Create | Villager (Male) |
| 7:25 | Create | Villager (Male) |
| 7:26 | Create | Villager (Male) |
| 7:28 | Create | Villager (Male) |
| 7:30 | Create | Villager (Male) |
| 7:35 | Build | House |
| 7:51 | Create | Villager (Male) |
| 8:04 | Create | Villager (Male) |
| 8:04 | Create | Villager (Male) |
| 8:22 | Create | Villager (Male) |
| 8:22 | Create | Villager (Male) |
| 8:37 | Create | Villager (Male) |
| 8:37 | Create | Villager (Male) |
| 8:39 | Create | Villager (Male) |
| 8:44 | Build | Mill |
| 8:58 | Create | Villager (Male) |
| 9:34 | Create | Villager (Male) |
| 9:49 | Create | Villager (Male) |
| 9:50 | Create | Villager (Male) |
| 9:55 | Build | House |
| 10:13 | Build | House |
| 10:13 | Build | House |
| 10:14 | Build | House |
| 10:14 | Build | House |
| 10:15 | Build | House |
| 10:16 | Build | House |
| 10:16 | Build | House |
| 11:02 | Build | House |
| 11:05 | Build | House |
| 11:07 | Build | House |
| 11:09 | Build | House |
| 11:19 | Research | Feudal Age |
| 11:45 | Create | Villager (Male) |
| 12:19 | Build | Mining Camp |
| 12:40 | Build | Farm |
| 12:40 | Build | Farm |
| 12:40 | Build | Farm |
| 12:41 | Build | Farm |
| 12:41 | Build | Farm |
| 12:41 | Build | Farm |
| 12:42 | Build | Farm |
| 12:43 | Build | Farm |
| 12:44 | Build | Farm |
| 13:28 | Create | Villager (Male) |
| 13:28 | Create | Villager (Male) |
| 13:29 | Create | Villager (Male) |
| 13:29 | Create | Villager (Male) |
| 13:29 | Create | Villager (Male) |
| 13:29 | Create | Villager (Male) |
| 13:30 | Create | Villager (Male) |
| 13:31 | Create | Villager (Male) |
| 13:31 | Create | Villager (Male) |
| 13:32 | Create | Villager (Male) |
| 13:33 | Create | Villager (Male) |
| 13:33 | Create | Villager (Male) |
| 13:33 | Create | Villager (Male) |
| 13:34 | Age | Feudal Age |
| 13:37 | Create | Villager (Male) |
| 13:37 | Create | Villager (Male) |
| 14:08 | Build | House |
| 14:10 | Build | House |
| 14:11 | Build | House |
| 14:14 | Build | House |
| 14:34 | Research | Double-Bit Axe |
| 14:34 | Research | Double-Bit Axe |
| 14:44 | Create | Villager (Male) |
| 14:44 | Create | Villager (Male) |
| 14:51 | Create | Villager (Male) |
| 15:07 | Build | Lumber Camp |
| 15:18 | Build | Farm |
| 15:21 | Create | Villager (Male) |
| 15:44 | Build | Farm |
| 16:02 | Build | House |
| 16:03 | Build | House |
| 16:09 | Build | House |
| 16:11 | Build | House |
| 16:14 | Build | House |
| 16:16 | Create | Villager (Male) |
| 16:21 | Build | Mining Camp |
| 17:22 | Build | Stone Wall |
| 17:32 | Build | Farm |
| 17:32 | Build | Farm |
| 17:32 | Build | Farm |
| 17:32 | Build | Farm |
| 17:33 | Build | Farm |
| 17:33 | Build | Farm |
| 17:33 | Build | Farm |
| 17:33 | Build | Farm |
| 17:54 | Create | Villager (Male) |
| 18:19 | Research | Castle Age |
| 18:19 | Research | Castle Age |
| 18:34 | Build | Stone Wall |
| 18:36 | Build | Stone Wall |
| 18:38 | Build | Stone Wall |
| 18:53 | Research | Wheelbarrow |
| 18:54 | Research | Wheelbarrow |
| 19:03 | Research | Gold Mining |
| 19:06 | Research | Stone Mining |
| 19:23 | Build | Market |
| 19:25 | Create | Villager (Male) |
| 19:45 | Create | Villager (Male) |
| 20:10 | Build | Stone Wall |
| 20:17 | Build | Stone Wall |
| 20:20 | Build | Stone Wall |
| 20:29 | Research | Horse Collar |
| 20:30 | Research | Horse Collar |
| 20:34 | Create | Villager (Male) |
| 20:40 | Create | Villager (Male) |
| 20:54 | Create | Villager (Male) |
| 20:55 | Create | Villager (Male) |
| 21:14 | Create | Villager (Male) |
| 21:25 | Build | House |
| 21:32 | Build | Palisade Wall |
| 21:42 | Create | Villager (Male) |
| 21:57 | Build | Stone Wall |
| 22:20 | Create | Villager (Male) |
| 22:29 | Age | Castle Age |
| 22:34 | Build | Siege Workshop |
| 22:43 | Research | Loom |
| 22:57 | Build | Town Center |
| 23:16 | Build | Town Center |
| 23:23 | Create | Villager (Male) |
| 23:23 | Create | Villager (Male) |
| 23:27 | Create | Mangonel |
| 23:27 | Create | Mangonel |
Build order — x
First 150 of 688 actions detected
| 0:01 | Create | Villager (Male) |
| 0:02 | Create | Villager (Male) |
| 0:02 | Create | Villager (Male) |
| 0:02 | Create | Villager (Male) |
| 0:02 | Create | Villager (Male) |
| 0:07 | Build | House |
| 0:10 | Build | House |
| 1:30 | Research | Loom |
| 1:31 | Create | Villager (Male) |
| 1:31 | Create | Villager (Male) |
| 2:37 | Create | Villager (Male) |
| 2:37 | Create | Villager (Male) |
| 2:37 | Create | Villager (Male) |
| 2:45 | Build | Lumber Camp |
| 3:15 | Create | Villager (Male) |
| 3:15 | Create | Villager (Male) |
| 3:21 | Build | House |
| 3:23 | Build | House |
| 4:09 | Create | Villager (Male) |
| 4:09 | Create | Villager (Male) |
| 4:09 | Create | Villager (Male) |
| 4:33 | Create | Villager (Male) |
| 4:33 | Create | Villager (Male) |
| 4:33 | Create | Villager (Male) |
| 5:38 | Build | House |
| 5:46 | Create | Villager (Male) |
| 5:46 | Create | Villager (Male) |
| 5:52 | Create | Villager (Male) |
| 5:52 | Create | Villager (Male) |
| 5:53 | Create | Villager (Male) |
| 6:20 | Build | Mill |
| 7:01 | Create | Villager (Male) |
| 7:02 | Create | Villager (Male) |
| 7:02 | Create | Villager (Male) |
| 7:02 | Create | Villager (Male) |
| 7:02 | Create | Villager (Male) |
| 7:45 | Build | Mining Camp |
| 7:51 | Create | Villager (Male) |
| 7:52 | Create | Villager (Male) |
| 7:52 | Create | Villager (Male) |
| 9:47 | Create | Villager (Male) |
| 9:48 | Create | Villager (Male) |
| 9:52 | Create | Villager (Male) |
| 11:09 | Research | Feudal Age |
| 11:41 | Create | Villager (Male) |
| 11:42 | Create | Villager (Male) |
| 12:46 | Build | Farm |
| 12:48 | Build | Farm |
| 12:50 | Build | Farm |
| 13:12 | Build | Barracks |
| 13:19 | Age | Feudal Age |
| 13:31 | Build | Blacksmith |
| 13:36 | Build | Market |
| 14:10 | Build | Farm |
| 14:12 | Build | Farm |
| 14:15 | Build | Farm |
| 14:47 | Research | Castle Age |
| 15:04 | Research | Double-Bit Axe |
| 15:13 | Research | Horse Collar |
| 15:17 | Create | Villager (Male) |
| 15:17 | Create | Villager (Male) |
| 15:20 | Create | Villager (Male) |
| 15:30 | Build | House |
| 15:32 | Build | House |
| 15:34 | Build | House |
| 15:36 | Build | House |
| 17:25 | Research | Wheelbarrow |
| 17:27 | Age | Castle Age |
| 17:51 | Build | Town Center |
| 18:11 | Build | Town Center |
| 18:28 | Research | Bow Saw |
| 18:30 | Research | Heavy Plow |
| 18:34 | Research | Gold Mining |
| 18:35 | Research | Stone Mining |
| 18:43 | Build | Farm |
| 19:23 | Create | Villager (Male) |
| 19:23 | Create | Villager (Male) |
| 19:23 | Create | Villager (Male) |
| 19:24 | Create | Villager (Male) |
| 19:24 | Create | Villager (Male) |
| 19:33 | Build | Town Center |
| 19:40 | Create | Villager (Male) |
| 19:52 | Build | Farm |
| 19:54 | Build | Farm |
| 20:08 | Build | Farm |
| 20:12 | Build | Farm |
| 20:15 | Build | Farm |
| 20:17 | Build | Farm |
| 20:22 | Build | Farm |
| 20:27 | Create | Villager (Male) |
| 20:27 | Create | Villager (Male) |
| 20:27 | Create | Villager (Male) |
| 20:27 | Create | Villager (Male) |
| 20:28 | Create | Villager (Male) |
| 20:28 | Create | Villager (Male) |
| 20:45 | Create | Villager (Male) |
| 20:45 | Create | Villager (Male) |
| 20:46 | Create | Villager (Male) |
| 21:01 | Build | Farm |
| 21:02 | Build | Farm |
| 21:02 | Build | Farm |
| 21:02 | Build | Farm |
| 21:03 | Build | Farm |
| 21:03 | Build | Farm |
| 21:05 | Build | Farm |
| 21:14 | Build | Farm |
| 21:17 | Create | Villager (Male) |
| 21:18 | Create | Villager (Male) |
| 21:18 | Create | Villager (Male) |
| 21:18 | Create | Villager (Male) |
| 21:29 | Create | Villager (Male) |
| 21:29 | Create | Villager (Male) |
| 21:30 | Create | Villager (Male) |
| 21:38 | Create | Villager (Male) |
| 21:39 | Create | Villager (Male) |
| 21:39 | Create | Villager (Male) |
| 21:41 | Create | Villager (Male) |
| 21:41 | Create | Villager (Male) |
| 21:45 | Create | Villager (Male) |
| 21:46 | Create | Villager (Male) |
| 21:57 | Build | Monastery |
| 22:16 | Create | Villager (Male) |
| 22:16 | Create | Villager (Male) |
| 22:17 | Create | Villager (Male) |
| 22:19 | Create | Villager (Male) |
| 22:31 | Create | Villager (Male) |
| 22:31 | Create | Villager (Male) |
| 22:32 | Create | Villager (Male) |
| 22:32 | Create | Villager (Male) |
| 22:32 | Create | Villager (Male) |
| 22:33 | Create | Villager (Male) |
| 22:33 | Create | Villager (Male) |
| 22:33 | Create | Villager (Male) |
| 22:35 | Create | Villager (Male) |
| 22:50 | Create | Villager (Male) |
| 22:50 | Create | Villager (Male) |
| 22:50 | Create | Villager (Male) |
| 22:50 | Create | Villager (Male) |
| 22:51 | Create | Villager (Male) |
| 22:51 | Create | Villager (Male) |
| 22:51 | Create | Villager (Male) |
| 22:52 | Create | Villager (Male) |
| 22:53 | Create | Villager (Male) |
| 22:54 | Create | Villager (Male) |
| 23:05 | Create | Villager (Male) |
| 23:05 | Create | Villager (Male) |
| 23:14 | Create | Villager (Male) |
| 23:14 | Create | Villager (Male) |
| 23:15 | Create | Villager (Male) |
| 23:23 | Create | Monk |
Match timeline
| 0:37 | Warlord · wall_segment Palisade Wall x1 |
| 0:44 | Warlord · wall_segment Palisade Wall x8 |
| 0:44 | Warlord · wall_segment Palisade Wall x4 |
| 1:23 | AguAgu21 · wall_segment Palisade Wall x14 |
| 2:19 | Warlord · wall_segment Palisade Wall x10 |
| 2:42 | LostAgain · wall_segment Palisade Wall x11 |
| 2:46 | Renannve · wall_segment Palisade Wall x10 |
| 3:19 | Renannve · wall_segment Palisade Wall x11 |
| 3:50 | Renannve · wall_segment Palisade Wall x9 |
| 6:43 | AguAgu21 · wall_segment Palisade Wall x1 |
| 7:05 | AguAgu21 · wall_segment Palisade Wall x1 |
| 8:06 | 고장난 선풍기 · wall_segment Palisade Wall x5 |
| 8:08 | 고장난 선풍기 · wall_segment Palisade Wall x8 |
| 8:26 | AguAgu21 · wall_segment Palisade Wall x12 |
| 10:11 | 고장난 선풍기 · first_building Barracks |
| 10:29 | FRQ · age_up feudal |
| 11:03 | FRQ · wall_segment Stone Wall x8 |
| 11:35 | FRQ · wall_segment Stone Wall x3 |
| 11:36 | FRQ · wall_segment Stone Wall x6 |
| 12:21 | Warlord · age_up feudal |
| 12:28 | Renannve · wall_segment Stone Wall x12 |
| 13:01 | 고장난 선풍기 · age_up feudal |
| 13:12 | x · first_building Barracks |
| 13:16 | FRQ · wall_segment Stone Wall x5 |
| 13:19 | x · age_up feudal |
| 13:21 | 고장난 선풍기 · wall_segment Stone Wall x1 |
| 13:28 | 고장난 선풍기 · wall_segment Stone Wall x2 |
| 13:29 | Warlord · wall_segment Stone Wall x7 |
| 13:30 | 고장난 선풍기 · wall_segment Stone Wall x4 |
| 13:33 | Warlord · wall_segment Stone Wall x1 |
| 13:34 | LostAgain · age_up feudal |
| 13:35 | Warlord · wall_segment Stone Wall x1 |
| 13:35 | 고장난 선풍기 · wall_segment Stone Wall x2 |
| 13:58 | 豚マソ · first_building Barracks |
| 14:03 | Warlord · wall_segment Stone Wall x3 |
| 14:04 | Warlord · wall_segment Stone Wall x3 |
| 14:07 | Warlord · wall_segment Stone Wall x2 |
| 14:08 | FRQ · age_up castle |
| 15:20 | 고장난 선풍기 · first_market_sell 500 wood |
| 15:22 | 고장난 선풍기 · first_market_buy 100 food |
| 15:24 | Renannve · first_building Barracks |
| 15:37 | Warlord · wall_segment Stone Wall x5 |
| 15:38 | Warlord · wall_segment Stone Wall x3 |
| 15:40 | Warlord · wall_segment Stone Wall x3 |
| 16:02 | Warlord · age_up castle |
| 16:12 | AguAgu21 · age_up feudal |
| 16:37 | Warlord · first_market_buy 100 food |
| 16:41 | 豚マソ · age_up feudal |
| 17:16 | Renannve · wall_segment Stone Wall x12 |
| 17:22 | LostAgain · wall_segment Stone Wall x2 |
| 17:27 | x · age_up castle |
| 17:42 | AguAgu21 · first_market_sell 100 wood |
| 18:12 | Warlord · first_building Monastery |
| 18:34 | LostAgain · wall_segment Stone Wall x6 |
| 18:36 | LostAgain · wall_segment Stone Wall x3 |
| 18:38 | LostAgain · wall_segment Stone Wall x3 |
| 19:01 | 고장난 선풍기 · age_up castle |
| 19:11 | FRQ · first_market_buy 100 food |
| 19:17 | x · first_market_buy 100 stone |
| 19:22 | 豚マソ · first_building Archery Range |
| 19:39 | Renannve · first_building Siege Workshop |
| 20:07 | Renannve · first_building Monastery |
| 20:10 | LostAgain · wall_segment Stone Wall x6 |
| 20:17 | LostAgain · wall_segment Stone Wall x2 |
| 20:20 | LostAgain · wall_segment Stone Wall x5 |
| 20:25 | AguAgu21 · age_up castle |
| 20:36 | 豚マソ · age_up castle |
| 21:03 | AguAgu21 · first_building Monastery |
| 21:23 | 豚マソ · first_building Castle |
| 21:32 | LostAgain · wall_segment Palisade Wall x1 |
| 21:57 | LostAgain · wall_segment Stone Wall x1 |
| 21:57 | x · first_building Monastery |
| 21:58 | AguAgu21 · first_building Barracks |
| 22:13 | 고장난 선풍기 · first_building Castle |
| 22:25 | 고장난 선풍기 · first_building Monastery |
| 22:29 | LostAgain · age_up castle |
| 22:34 | LostAgain · first_building Siege Workshop |
| 23:35 | LostAgain · wall_segment Stone Wall x1 |
| 23:38 | FRQ · first_building Monastery |
| 23:47 | LostAgain · wall_segment Stone Wall x1 |
| 23:47 | x · first_building Archery Range |
| 24:48 | 豚マソ · first_building Siege Workshop |
| 24:53 | FRQ · first_building Castle |
| 25:05 | 豚マソ · first_building Monastery |
| 25:15 | x · first_building Castle |
| 25:35 | Renannve · first_building Stable |
| 25:55 | 고장난 선풍기 · first_building Archery Range |
| 26:04 | FRQ · first_building Siege Workshop |
| 26:35 | Warlord · first_building Castle |
| 26:54 | AguAgu21 · first_market_buy 100 stone |
| 27:02 | AguAgu21 · wall_segment Stone Wall x8 |
| 27:13 | AguAgu21 · first_building Siege Workshop |
| 27:25 | FRQ · first_market_sell 100 wood |
| 28:38 | FRQ · first_building Barracks |
| 29:05 | Warlord · first_building Siege Workshop |
| 29:29 | Renannve · wall_segment Stone Wall x1 |
| 29:34 | FRQ · first_building Stable |
| 29:38 | FRQ · first_building Archery Range |
| 30:02 | LostAgain · first_building Castle |
| 30:47 | FRQ · age_up imperial |
| 31:14 | 고장난 선풍기 · wall_segment Stone Wall x1 |
| 31:17 | 고장난 선풍기 · wall_segment Stone Wall x4 |
| 32:21 | Renannve · first_building Archery Range |
| 32:24 | AguAgu21 · first_building Archery Range |
| 32:27 | x · first_market_sell 100 wood |
| 32:53 | Warlord · age_up imperial |
| 32:57 | 고장난 선풍기 · wall_segment Stone Wall x2 |
| 33:00 | 고장난 선풍기 · wall_segment Stone Wall x1 |
| 33:20 | 고장난 선풍기 · age_up imperial |
| 34:01 | LostAgain · wall_segment Stone Wall x15 |
| 34:04 | LostAgain · age_up imperial |
| 34:24 | Renannve · first_building Castle |
| 34:42 | 豚マソ · age_up imperial |
| 35:00 | Warlord · first_market_sell 100 wood |
| 35:17 | LostAgain · wall_segment Stone Wall x18 |
| 35:51 | x · age_up imperial |
| 35:55 | AguAgu21 · first_building Castle |
| 36:42 | AguAgu21 · age_up imperial |
| 39:30 | 고장난 선풍기 · tribute_sent a jugador 1 |
| 39:30 | 고장난 선풍기 · tribute_sent a jugador 2 |
| 39:30 | 고장난 선풍기 · tribute_sent a jugador 3 |
| 39:30 | 고장난 선풍기 · tribute_sent a jugador 4 |
| 39:30 | 고장난 선풍기 · tribute_sent a jugador 6 |
| 39:30 | 고장난 선풍기 · tribute_sent a jugador 7 |
| 39:30 | 고장난 선풍기 · tribute_sent a jugador 8 |
| 41:37 | 고장난 선풍기 · first_building Siege Workshop |
| 42:35 | 고장난 선풍기 · first_building Stable |
| 46:32 | 고장난 선풍기 · tribute_sent a jugador 1 |
| 46:32 | 고장난 선풍기 · tribute_sent a jugador 2 |
| 46:32 | 고장난 선풍기 · tribute_sent a jugador 3 |
| 46:32 | 고장난 선풍기 · tribute_sent a jugador 4 |
| 46:32 | 고장난 선풍기 · tribute_sent a jugador 6 |
| 46:32 | 고장난 선풍기 · tribute_sent a jugador 7 |
| 46:32 | 고장난 선풍기 · tribute_sent a jugador 8 |
| 46:56 | Renannve · first_market_sell 100 wood |
| 47:28 | Renannve · wall_segment Stone Wall x3 |
| 49:14 | Warlord · resign |
| 51:10 | 고장난 선풍기 · tribute_sent a jugador 1 |
| 51:10 | 고장난 선풍기 · tribute_sent a jugador 2 |
| 51:10 | 고장난 선풍기 · tribute_sent a jugador 3 |
| 51:10 | 고장난 선풍기 · tribute_sent a jugador 4 |
| 51:10 | 고장난 선풍기 · tribute_sent a jugador 6 |
| 51:10 | 고장난 선풍기 · tribute_sent a jugador 7 |
| 51:10 | 고장난 선풍기 · tribute_sent a jugador 8 |
| 51:29 | Renannve · wall_segment Stone Wall x3 |
[ AI ANALYSIS · 1 CREDIT ]
What really happened in this match?
Wolo.gg analyzes every decision: build order, eco, micro, common mistakes by bracket. Personalized analysis on WhatsApp or Discord in 30 seconds.
Civ guide
Persians
Perfil
Jugador #953719